AoeStats
← TFRaptor22

Arabia

508131209Analyzed
3v3 RM · 11d ago on Sep 21, 2026· 33m 5s· 6 players
Game mode
Random Map
Map size
Normal (6 player)
Population
200
Speed
Normal
Resources
Standard
Victory
Conquest
Starting age
Dark Age
Ending age
Imperial Age
RankedLock teamsTeams togetherTeam positionsShared explorationLock speedFull tech treeHidden civsTurbo modeCheats
Victory
Defeat
🇺🇸 Maya · United States
1047
+14
🇲🇽 Teutons · Mexico
1023
+15
🇺🇸 Romans · United States
1012
+16
🇵🇪 Inca · Peru
1030
-16
🇧🇷 Huns · Brazil
1010
-15
🇵🇪 Vikings · Peru
983
-14
TFRaptor22
10:49 Feudal Age
12:18 Loom
13:29 Man-at-Arms
15:05 Scale Mail Armor
16:04 Forging
16:32 Fletching
24:58 Castle Age
24:53 Stone Mining
24:55 Gold Mining
25:18 Long Swordsman
26:00 Squires
26:24 Chain Mail Armor
29:00 Iron Casting
Hungarian mafia
0:36 Loom
10:32 Feudal Age
11:00 Double-Bit Axe
10:57 Horse Collar
11:11 Gold Mining
17:24 Forging
17:15 Scale Mail Armor
22:03 Castle Age
21:20 Wheelbarrow
22:27 Eagle Warrior
23:08 Squires
22:54 Arson
23:29 Chain Mail Armor
23:50 Iron Casting
23:48 Heavy Plow
24:00 Bow Saw
24:23 Hand Cart
24:50 Fletching
25:33 Town Watch
27:07 Town Patrol
Barbeituss
5:58 Loom
8:52 Feudal Age
9:26 Double-Bit Axe
13:38 Horse Collar
20:53 Castle Age
20:48 Gold Mining
21:38 Bloodlines
22:26 Bow Saw
25:20 Heavy Plow
29:10 Wheelbarrow
32:41 Hand Cart
33:32 Scale Barding Armor
lu23
3:51 Loom
9:46 Feudal Age
12:06 Horse Collar
12:13 Double-Bit Axe
16:19 Fletching
19:28 Scale Mail Armor
23:56 Castle Age
24:33 Horse Collar
25:08 Gold Mining
25:38 Town Watch
27:26 Bodkin Arrow
31:33 Stone Mining
【Mon$teR】
0:30 Loom
10:11 Feudal Age
17:20 Castle Age
15:23 Double-Bit Axe
15:21 Horse Collar
24:11 Fletching
26:42 Pikeman
29:32 Thumb Ring
AnyttaMiller
6:29 Loom
13:01 Feudal Age
18:53 Forging
18:43 Scale Mail Armor
22:38 Castle Age
20:33 Gold Mining
20:34 Stone Mining
23:23 Man-at-Arms
23:49 Gambesons
25:21 Long Swordsman
25:49 Arson
27:28 Horse Collar
29:00 Pikeman
Connection lost

Rejoining the realm…

Still unreachable

The connection could not be restored.

Session expired

The server has moved on; the page needs a fresh start.